 Dungeon Crawl Stone Soup version 0.14-a0-1585-g835621a (webtiles) character file.

162 PolkaDot the Ruinous (level 4, -3/30 HPs)
             Began as a Vampire Conjurer on Dec 22, 2013.
             Slain by Crazy Yiuf
             ... wielding a +2,+4 quarterstaff of chaos
              (24 damage)
             ... on Level 2 of the Dungeon.
             The game lasted 00:06:52 (1924 turns).

PolkaDot the Ruinous (Vampire Conjurer)             Turns: 1924, Time: 00:06:52

HP  -3/30        AC  2     Str  7      XL: 4   Next: 13%
MP   1/8         EV 12     Int 18      God:
Gold 85          SH  0     Dex 14      Spells:  2 memorised,  4 levels left

rFire  . . .     SeeInvis +     j - +0 short sword
rCold  . . .     Clarity  .     a - +0 robe
rNeg   + . .     Conserve .     (no shield)
rPois  .         rCorr    .     (no helmet)
rElec  .         rRot     .     (no cloak)
SustAb . .       Spirit   .     (no gloves)
rMut   .         Warding  .     (no boots)
Saprov . . .     Stasis   .     (no amulet)
                                (no ring)
                                (no ring)

@: slightly resistant to hostile enchantments, stealthy
A: fangs 3, see invisible, unbreathing
a: Bat Form


You were on level 2 of the Dungeon.
You were not thirsty.

You visited 1 branch of the dungeon, and saw 2 of its levels.

You collected 85 gold pieces.

Inventory:

Hand weapons
 j - a +0,+0 short sword (weapon)
Armour
 a - a +0 robe (worn)
Magical devices
 e - a wand of random effects (8)
 f - a wand of random effects (11)
Scrolls
 g - a scroll of noise {unknown}
 k - a scroll of immolation {unknown}
 l - a scroll of blinking {unknown}
 n - a scroll of curse weapon {unknown}
 p - a scroll of recharging {unknown}
Potions
 b - a potion of agility
 h - a potion of confusion {unknown}
 i - a potion of degeneration {unknown}
 m - 2 potions of curing {unknown}
 o - a potion of mutation {unknown}
Books
 c - a book of Conjurations

   Spells                             Type                      Level
   *Magic Dart                        Conjuration                  1
   *Searing Ray                       Conjuration                  2
   Dazzling Spray                     Conjuration/Hexes            3
   Iskenderun's Mystic Blast          Conjuration                  4
   Iskenderun's Battlesphere          Conjuration/Charms           4
   Fulminant Prism                    Conjuration/Hexes            5


   Skills:
 - Level 2.1 Dodging
 - Level 3.0 Stealth
 - Level 2.3 Spellcasting
 * Level 4.1 Conjurations


You had 4 spell levels left.
You knew the following spells:

 Your Spells              Type           Power        Failure   Level  Hunger
a - Magic Dart            Conj           ###.         3%          1    #......
s - Searing Ray           Conj           ###...       6%          2    ##.....


Dungeon Overview and Level Annotations

Branches:
Dungeon (2/16)

Altars:

Annotations:
D:2 Crazy Yiuf


Innate Abilities, Weirdness & Mutations

You have razor-sharp teeth.*
You have supernaturally acute eyesight.
You can survive without breathing.*


Message History

Crazy Yiuf hits you with a quarterstaff of chaos!
You are electrocuted!
Casting: Searing Ray
Confirm with . or Enter, or press ? or * to list all spells.
Aiming: Searing Ray
Press: ? - help, Shift-Dir - straight line, f/p - Crazy Yiuf
Aim: Crazy Yiuf, wielding a quarterstaff of chaos and wearing an embroidered cloak (severely wounded)
The searing ray misses Crazy Yiuf.
* * * LOW MAGIC WARNING * * *
Crazy Yiuf completely misses you.
The searing ray hits Crazy Yiuf.
Crazy Yiuf is almost dead.
* * * LOW MAGIC WARNING * * *
There is a stone staircase leading down here.
Drink which item? (? for menu, Esc to quit)
You feel much better.
Crazy Yiuf hits you with a quarterstaff of chaos!
You are electrocuted!
Ouch! That really hurt!
You die...

#.........##
#..........#############
#######.)....................#
..............).)..#########.##
##..............##........)...#
#.##.#............###.#####<.#
################...# #.# #..# #
#.### #.# ###..### #
♣♣♣##@#####.###.(..... # ###
#♣♣♣♣♣♣♣##g................ #
#)..#♣♣♣♣♣♣.#..#####.#.#.#.#.#.
#
#.....♣♣♣♣f....................
#...#♣..♣.f....#####..#.#.#.#.#
### #♣♣♣.♣..#.######...........
♣♣♣♣♣♣♣♣##.......#.#.#.#.#.
♣♣♣♣♣♣#######............ ###
#.#.#.#.#.#.#


You could see Crazy Yiuf.

Vanquished Creatures
  Jessica (D:2)
  3 adders (D:2)
  A worm (D:2)
  3 bats (D:2)
  2 giant cockroaches (D:2)
  2 hobgoblins
  3 giant newts
  3 goblins
  7 kobolds
  2 rats (D:2)
27 creatures vanquished.

Notes
Turn   | Place    | Note
--------------------------------------------------------------
     0 | D:1      | PolkaDot, the Vampire Conjurer, began the quest for the Orb.
     0 | D:1      | Reached XP level 1. HP: 13/13 MP: 3/3
   362 | D:1      | Reached XP level 2. HP: 19/19 MP: 0/4
   674 | D:2      | Learned a level 2 spell: Searing Ray
   847 | D:2      | Noticed Jessica
   860 | D:2      | Killed Jessica
   860 | D:2      | Reached XP level 3. HP: 21/24 MP: 0/6
  1644 | D:2      | Reached skill level 4 in Conjurations
  1644 | D:2      | Reached XP level 4. HP: 21/30 MP: 5/8
  1903 | D:2      | Noticed Crazy Yiuf
  1924 | D:2      | Slain by Crazy Yiuf

Action                   |  1- 3 |  4- 6 || total
-------------------------+-------+-------++-------
Melee: Dagger            |     8 |       ||     8
       Short sword       |    35 |       ||    35
 Cast: Magic Dart        |    17 |       ||    17
       Searing Ray       |     5 |     3 ||     8
Evoke: Wand              |     1 |       ||     1
  Use: Potion            |     2 |     1 ||     3
       Scroll            |     3 |       ||     3
 Stab: Sleeping          |     2 |       ||     2
